AoeStats
← 终是欧阳失了偏旁,奈何慕容只剩顶

Arena

507256655Analyzed
4v4 RM · 16d ago on Sep 17, 2026· 48m 21s· 8 players
Game mode
Random Map
Map size
Large (8 player)
Population
200
Speed
Normal
Resources
Standard
Victory
Conquest
Starting age
Dark Age
Ending age
Imperial Age
RankedLock teamsTeams togetherTeam positionsShared explorationLock speedFull tech treeHidden civsTurbo modeCheats
Victory
Defeat
🇹🇼 Goths · Taiwan
1453
+12
🇦🇺 Poles · Australia
1378
+15
🇬🇧 Muisca · United Kingdom
1346
+15
🇲🇽 Italians · Mexico
1343
+16
🇭🇰 Vietnamese · Hong Kong SAR China
1373
-16
🇻🇳 Hindustanis · Vietnam
1367
-15
🇻🇳 Byzantines · Vietnam
1290
-12
Phu Thuy
10:44 Feudal Age
15:00 Castle Age
12:51 Double-Bit Axe
14:51 Horse Collar
16:24 Loom
18:24 Wheelbarrow
22:09 Imperial Age
22:50 Thumb Ring
22:42 Fletching
24:06 Chemistry
23:01 Elite Skirmisher
27:08 Crossbowman
27:46 Bodkin Arrow
28:11 Padded Archer Armor
29:29 Arbalester
31:59 Bracer
34:28 Leather Archer Armor
终是欧阳失了偏旁,奈何慕容只剩顶
9:58 Feudal Age
13:59 Castle Age
12:00 Double-Bit Axe
12:48 Horse Collar
23:26 Gold Mining
23:48 Bow Saw
24:21 Wheelbarrow
23:47 Heavy Plow
29:00 Imperial Age
26:48 Hand Cart
26:42 Loom
27:22 Scale Barding Armor
27:27 Forging
28:19 Bloodlines
28:09 Husbandry
28:10 Stone Mining
28:57 Gold Shaft Mining
30:01 Chain Barding Armor
29:39 Heavy Camel Rider
31:52 Iron Casting
31:53 Plate Barding Armor
31:47 Conscription
34:48 Stone Shaft Mining
33:41 Elite Chakram Thrower
33:57 Light Cavalry
37:04 Frontier Guards
38:51 Chemistry
38:12 Ballistics
40:26 Hussar
Spartacus
10:37 Feudal Age
14:52 Castle Age
12:54 Double-Bit Axe
13:00 Horse Collar
16:04 Bow Saw
15:54 Heavy Plow
17:43 Fervor
20:56 Wheelbarrow
23:47 Hand Cart
24:17 Herbal Medicine
28:22 Imperial Age
25:39 Loom
25:45 Loom
25:54 Stone Mining
25:55 Gold Mining
28:55 Stone Shaft Mining
28:56 Gold Shaft Mining
28:22 Scale Mail Armor
28:33 Forging
29:31 Chain Mail Armor
29:27 Forging
29:36 Elite Ghulam
30:37 Conscription
30:53 Fortified Wall
32:38 Iron Casting
33:33 Siege Engineers
34:31 Chemistry
33:27 Murder Holes
33:43 Masonry
34:46 Blast Furnace
34:07 Squires
33:52 Arson
34:22 Bloodlines
34:13 Husbandry
35:42 Grand Trunk Road
37:51 Padded Archer Armor
38:00 Shatagni
39:18 Leather Archer Armor
39:52 Husbandry
41:21 Ring Archer Armor
41:09 Thumb Ring
41:21 Light Cavalry
42:08 Fletching
43:01 Scale Barding Armor
42:17 Hussar
crazy ant
10:21 Feudal Age
11:42 Double-Bit Axe
14:44 Castle Age
13:12 Horse Collar
15:29 Loom
16:45 Bow Saw
18:07 Town Watch
21:26 Wheelbarrow
22:40 Hand Cart
28:06 Imperial Age
25:32 Fletching
26:44 Fortified Wall
26:37 Bodkin Arrow
27:18 Ballistics
28:56 Bracer
29:26 Padded Archer Armor
35:18 Gold Mining
35:19 Stone Mining
35:54 Thumb Ring
37:36 Chemistry
40:21 Two-Man Saw
39:55 Padded Archer Armor
40:45 Stone Shaft Mining
41:09 Siege Engineers
41:36 Heavy Plow
43:00 Leather Archer Armor
44:22 Ring Archer Armor
44:31 Paper Money
43:59 Elite Skirmisher
44:52 Scale Barding Armor
44:57 Forging
46:30 Crop Rotation
46:32 Imperial Skirmisher
Moctezama
11:21 Feudal Age
11:37 Feudal Age
9:54 Loom
16:50 Castle Age
14:44 Double-Bit Axe
14:42 Horse Collar
15:26 Gold Mining
18:02 Wheelbarrow
19:01 Heavy Plow
19:12 Bow Saw
26:19 Imperial Age
25:00 Scale Mail Armor
25:11 Forging
25:48 Squires
25:33 Arson
27:32 Conscription
28:56 Hand Cart
31:15 Silk Road
32:04 Two-Man Saw
31:36 Crop Rotation
35:25 Caravan
38:13 Chain Mail Armor
38:34 Iron Casting
37:50 Fletching
38:00 Padded Archer Armor
38:23 Ballistics
38:07 Town Watch
38:40 Fletching
38:50 Padded Archer Armor
39:37 Elite Genoese Crossbowman
42:20 Bodkin Arrow
42:40 Leather Archer Armor
42:59 Plate Mail Armor
43:29 Blast Furnace
43:45 Bracer
Advanced Farming Research Centre
10:55 Feudal Age
14:34 Castle Age
14:13 Double-Bit Axe
14:10 Horse Collar
14:24 Gold Mining
15:39 Scale Mail Armor
18:49 Loom
22:17 Squires
25:05 Redemption
27:35 Wheelbarrow
28:21 Sanctity
30:48 Chain Mail Armor
34:10 Imperial Age
32:59 Forging
33:26 Bow Saw
33:20 Heavy Plow
35:53 Block Printing
36:10 Plate Mail Armor
35:45 Fletching
36:42 Illumination
36:28 Fervor
37:36 Iron Casting
37:32 Stone Mining
38:23 Gold Shaft Mining
38:12 Bodkin Arrow
40:30 Two-Man Saw
40:12 Bracer
41:19 Champi Runner
41:28 Heavy Scorpion
42:07 Champi Warrior
43:23 Padded Archer Armor
43:46 Ballistics
44:26 Chemistry
44:32 Crop Rotation
44:18 Hand Cart
44:49 Masonry
44:44 Siege Engineers
45:42 Chemistry
45:42 Elite Champi Warrior
47:57 Stone Shaft Mining
47:23 Capped Ram
48:47 Herbalism
虞小梅
10:36 Feudal Age
11:47 Double-Bit Axe
12:24 Loom
14:50 Castle Age
14:21 Horse Collar
15:27 Wheelbarrow
15:43 Bow Saw
15:37 Heavy Plow
17:17 Wheelbarrow
22:11 Gold Mining
22:41 Hand Cart
23:40 Stone Mining
24:56 Gold Mining
27:06 Scale Mail Armor
27:16 Forging
29:46 Imperial Age
28:02 Chain Mail Armor
28:38 Squires
28:02 Man-at-Arms
29:25 Iron Casting
28:27 Pikeman
29:46 Anarchy
30:42 Perfusion
31:03 Conscription
31:54 Blast Furnace
30:21 Capped Ram
32:36 Two-Man Saw
32:36 Crop Rotation
31:39 Long Swordsman
32:05 Two-Handed Swordsman
32:07 Halberdier
33:02 Champion
37:07 Chemistry
36:29 Ballistics
36:46 Stone Shaft Mining
37:34 Guilds
42:57 Masonry
42:41 Fletching
46:51 Heavy Scorpion
48:31 Caravan
Josephine Explosiphine
10:52 Feudal Age
14:34 Castle Age
12:45 Horse Collar
13:01 Horse Collar
13:09 Double-Bit Axe
14:03 Horse Collar
16:10 Bow Saw
17:27 Heavy Plow
20:16 Wheelbarrow
20:17 Loom
21:24 Stone Mining
23:20 Stone Shaft Mining
22:38 Gold Mining
23:19 Forging
23:15 Scale Barding Armor
23:44 Hand Cart
24:34 Iron Casting
25:36 Chain Barding Armor
25:30 Town Watch
26:23 Szlachta Privileges
27:21 Bloodlines
27:11 Husbandry
27:18 Husbandry
32:18 Imperial Age
32:15 Scale Mail Armor
32:06 Fletching
33:27 Conscription
34:09 Blast Furnace
32:56 Treadmill Crane
34:17 Chemistry
33:37 Ballistics
33:28 Masonry
33:34 Chain Mail Armor
33:21 Squires
33:06 Arson
34:02 Crop Rotation
33:44 Bodkin Arrow
33:39 Elite Obuch
34:52 Siege Engineers
34:43 Murder Holes
34:30 Cavalier
36:08 Hoardings
35:38 Town Patrol
35:56 Fortified Wall
37:52 Plate Mail Armor
37:23 Bracer
37:21 Guard Tower
36:53 Light Cavalry
38:02 Lechitic Legacy
37:31 Capped Ram
39:19 Siege Ram
41:16 Fortified Wall
41:26 Winged Hussar
Connection lost

Rejoining the realm…

Still unreachable

The connection could not be restored.

Session expired

The server has moved on; the page needs a fresh start.